 Dungeon Crawl Stone Soup version 0.29-a0-1016-g236c7fd91e (webtiles) character file.

Game seed: 7749444033600376172

18 Manisian the Trooper (level 2, 23/27 HPs)
             Began as a Minotaur Fighter on Aug 9, 2022.
             Quit the game on level 1 of the Dungeon.
             The game lasted 00:03:45 (192 turns).

Manisian the Trooper (Minotaur Fighter)              Turns: 192, Time: 00:03:46

Health: 23/27      AC:  7    Str: 20    XL:     2   Next: 48%
Magic:  1/1        EV:  9    Int:  5    God:
Gold:   0          SH:  4    Dex:  9    Spells: 1/1 levels left

rFire   . . .      SeeInvis .   a - +0 war axe
rCold   . . .      Faith    .   c - +0 buckler
rNeg    . . .      Spirit   .   b - +0 scale mail
rPois   .          Reflect  .   (helmet restricted)
rElec   .          Harm     .   (no cloak)
rCorr   .          Rampage  .   (no gloves)
Will    .....                   (no boots)
Stlth   ..........              (no amulet)
HPRegen 0.09/turn               (no ring)
MPRegen 0.07/turn               (no ring)

@: no status effects
A: horns 2, retaliatory headbutt
a: no special abilities


You were on level 1 of the Dungeon.
You visited 1 branch of the dungeon, and saw 1 of its levels.

Inventory:

Hand Weapons
 a - a +0 war axe (weapon)
Armour
 b - a +0 scale mail (worn)
 c - a +0 buckler (worn)
Scrolls
 e - a scroll of poison {unknown}
Potions
 d - a potion of might
 f - a potion of brilliance {unknown}
 g - 2 potions of heal wounds {unknown}


   Skills:
 + Level 4.0 Fighting
 + Level 2.8 Axes
 + Level 3.9 Armour
 + Level 3.8 Shields


You had one spell level left.
You didn't know any spells.
Your spell library was empty.

Dungeon Overview and Level Annotations

Branches:
Dungeon (1/15)

Altars:

Shops:
D:1 [


Innate Abilities, Weirdness & Mutations

You have a pair of horns on your head.
You reflexively headbutt those who attack you in melee.


Message History

You hit the quokka.
You kill the quokka!
Found 5 stones.
You see here a jackal corpse.
There is a stone staircase leading down here.
A quokka comes into view.
The quokka closely misses you.
You closely miss the quokka.
The quokka bites you but does no damage.
The quokka bites you.
You closely miss the quokka. Your headbutt misses the quokka.
You block the quokka's attack. The quokka bites you.
You barely miss the quokka.
The quokka bites you but does no damage.
You block the quokka's attack.
You closely miss the quokka. The quokka barely misses you.
You slash the quokka!
You kill the quokka!
You see here a quokka corpse.
A hobgoblin comes into view.
The hobgoblin shouts!
You closely miss the hobgoblin.
You headbutt the hobgoblin, but do no damage.
You block the hobgoblin's attack. x2
You hit the hobgoblin. Your headbutt misses the hobgoblin.
The hobgoblin is heavily wounded.
The hobgoblin barely misses you. You furiously retaliate!
You headbutt the hobgoblin.
You kill the hobgoblin!
You see here a hobgoblin corpse.
A kobold comes into view. It is wielding a +0 whip.
You slash the kobold!
You kill the kobold!
You see here a +0 whip.
Found Umoabuer's Armour Shop.
Found a weird smoking staff and a fuming silvery potion.
There is an entrance to Umoabuer's Armour Shop here.
Welcome back, Manisian the Minotaur Fighter.
Press ? for a list of commands and other information.
Are you sure you want to abandon this character and quit the game? (Confirm with "yes".)

#.#.# .. #.#.#
... ###.#.#
.... #...#.#
....##.#.#.#
......#...#
.....#.#..#
#.#...#.#
#..@..##
.....#...#.....
###...#.#.|####
#....#.!.#
##### ####


There were no monsters in sight!

Vanquished Creatures
  An endoplasm (D:1)
  A hobgoblin (D:1)
  7 jackals (D:1)
  2 kobolds (D:1)
  2 quokkas (D:1)
  A rat (D:1)
14 creatures vanquished.

Notes
Turn   | Place    | Note
-------+----------+-------------------------------------------
     0 | D:1      | Manisian the Minotaur Fighter began the quest for the Orb.
     0 | D:1      | Reached XP level 1. HP: 19/19 MP: 0/0
    80 | D:1      | Reached XP level 2. HP: 25/27 MP: 1/1
   115 | D:1      | Reached skill level 4 in Fighting
   185 | D:1      | Found Umoabuer's Armour Shop.
   192 | D:1      | Quit the game

Illustrated notes

Levels and vault maps discovered:
D:1:      mushboom_english_gardens, layout_basic,
          ebering_ecumenical_altar_abandoned, serial_shops, nicolae_shop_stone,
          shop, shop, nicolae_diamond_shop,
          nicolae_shop_competitors_out_of_business, minmay_split_cup_small

Skill      XL: |  1  2 |
---------------+-------+-----
Fighting       | 4 |  4.0
Axes           | |  2.8
Armour         | |  3.9
Shields        | |  3.8

Action                   || total
-------------------------++-------
Melee: War axe           ||    30
       Headbutt          ||     4
Armor: Scale mail        ||    14
Dodge: Dodged            ||    11
Block: Buckler           ||     9

Table legend: (Time is in decaauts)
 A = Elapsed time spent in this place.
 B = Non-inter-level travel time spent in this place.
 C = Inter-level travel time spent in this place.
 D = Time resting spent in this place.
 E = Time spent auto-exploring this place.
 F = Levels seen in this place.
 G = Mean time per level.
                   A        B        C        D        E       F      G
               +--------+--------+--------+--------+--------+-----+--------+
         Total |    204 |     72 |    132 |      0 |      0 |   1 |  204.0 |
       Dungeon |    204 |     72 |    132 |      0 |      0 |   1 |  204.0 |
               +--------+--------+--------+--------+--------+-----+--------+

Top non-repeatable levels by time:
     D:1: 204 daAuts
